 Dungeon Crawl Stone Soup version 0.29-a0-676-ga64570c9d2 (webtiles) character file.

Game seed: 11786471842937430405

60 crusatyr the Skirmisher (level 3, -2/29 HPs)
             Began as a Demonspawn Monk on June 24, 2022.
             Slain by a worm (9 damage)
             ... on level 2 of the Dungeon.
             The game lasted 00:03:04 (1816 turns).

crusatyr the Skirmisher (Demonspawn Monk)           Turns: 1816, Time: 00:03:04

Health: -2/29      AC:  4    Str: 11    XL:     3   Next: 80%
Magic:  3/3        EV: 13    Int: 11    God:
Gold:   77         SH:  0    Dex: 17    Spells: 2/2 levels left

rFire   . . .      SeeInvis .   a - +0 mace
rCold   + . .      Faith    .   (no shield)
rNeg    . . .      Spirit   .   b - +0 robe
rPois   .          Reflect  .   (no helmet)
rElec   .          Harm     .   (no cloak)
rCorr   .          Rampage  .   (no gloves)
Will    .....                   (no boots)
Stlth   ++........              (no amulet)
HPRegen 0.09/turn               e - ring of protection from cold
MPRegen 0.08/turn               (no ring)

@: studying Fighting
A: icy blue scales 1, demonic magic 1
a: no special abilities


You were on level 2 of the Dungeon.
You visited 1 branch of the dungeon, and saw 2 of its levels.

You collected 77 gold pieces.

Inventory:

Hand Weapons
 a - a +0 mace (weapon)
Armour
 b - a +0 robe (worn)
Jewellery
 e - a ring of protection from cold (left hand)
 j - a ring of fire
Scrolls
 d - 2 scrolls of poison {unknown}
 g - 3 scrolls of enchant weapon {unknown}
 h - a scroll of fog {unknown}
 i - a scroll of identify {unknown}
Potions
 c - a potion of ambrosia
 f - a potion of resistance {unknown}


   Skills:
 + Level 3.5 Fighting
 * Level 3.4 Maces & Flails
 + Level 1.2 Armour
 + Level 3.1 Dodging
 - Level 1.7 Stealth


You had 2 spell levels left.
You didn't know any spells.
Your spell library contained the following spells:

 Spells                   Type           Power      Damage    Failure   Level
 Sublimation of Blood     Necr           0%         N/A       47%         2
 Wereblood                Tmut           0%         N/A       47%         2
 Summon Hydra             Summ           0%         N/A       100%        7


Dungeon Overview and Level Annotations

Branches:
Dungeon (2/15)

Altars:


Innate Abilities, Weirdness & Mutations

You are partially covered in icy blue scales. (AC +2)
Spells you cast may paralyse adjacent enemies.


Message History

You barely miss the gnoll.
The gnoll is severely wounded.
The gnoll hits you with a +0 whip.
You hit the gnoll.
The gnoll is almost dead.
The gnoll hits you with a +0 whip.
You barely miss the gnoll.
The gnoll is almost dead.
The gnoll misses you. The gnoll closely misses you.
You sock the gnoll!
You kill the gnoll!
The ball python barely misses you. The ball python grabs you.
The ball python constricts you.
You closely miss the ball python.
The ball python bites you but does no damage.
The ball python constricts you.
You hit the ball python.
The ball python is moderately wounded.
The ball python bites you. The ball python constricts you.
The ball python bites you but does no damage.
The ball python constricts you.
You hit the ball python.
You kill the ball python!
The hobgoblin barely misses you.
You hit the hobgoblin.
You kill the hobgoblin!
The giant cockroach closely misses you.
You hit the giant cockroach.
You kill the giant cockroach!
You thump the quokka!
You kill the quokka!
Things that are here:
a +0 whip; a quokka corpse You hit the worm but do no damage.
The worm misses you.
You barely miss the worm. The worm bites you.
* * * LOW HITPOINT WARNING * * *
You hit the worm. You punch the worm.
The worm is lightly wounded.
The worm bites you!
You die...

#.....# #####.....# ..........#
#...#.....# ....#.....##
#...##.....# #######
.#.##......#############.......
...##...........@w...........^.
...........#############..####.
##.##..†...# ..# #.##..#.###
##w# #.##..#.#


#Sr ##.##..#.# gB# .......#.# #.# ##.##..#.##### #. #.##..#.....# You could see
a worm.

Vanquished Creatures
  A gnoll (D:2)
  An adder (D:2)
  A worm (D:2)
  4 bats (D:1)
  2 endoplasms
  A giant cockroach (D:2)
  4 hobgoblins
  6 jackals (D:1)
  3 quokkas
  4 ball pythons
  4 frilled lizards
  A goblin (D:1)
  2 kobolds
  3 rats
37 creatures vanquished.

Notes
Turn   | Place    | Note
-------+----------+-------------------------------------------
     0 | D:1      | crusatyr the Demonspawn Monk began the quest for the Orb.
     0 | D:1      | Reached XP level 1. HP: 18/18 MP: 1/1
   355 | D:1      | Found a faded altar of an unknown god.
   405 | D:1      | Gained mutation: You are partially covered in icy blue
                  | scales. (AC +2) [demonic ancestry]
   405 | D:1      | Reached XP level 2. HP: 24/24 MP: 2/2
  1347 | D:2      | Gained mutation: Spells you cast may paralyse adjacent
                  | enemies. [demonic ancestry]
  1347 | D:2      | Reached XP level 3. HP: 23/29 MP: 3/3
  1447 | D:2      | Reached skill level 1 in Armour
  1816 | D:2      | Slain by a worm

Illustrated notes

Levels and vault maps discovered:
D:1:      psy_arrival_conway, layout_basic,
          hellmonk_ecumenical_altar_inner_sanctum, amethyst_killhole,
          minmay_misc_feat_secret_circle
D:2:      layout_loops_ring, minmay_hexomino_c4

Skill      XL: |  1  2  3 |
---------------+----------+-----
Maces & Flails | 3 |  3.4
Armour         | 1 |  1.2
Dodging        | 3 |  3.1
Fighting       | |  3.5
Stealth        | |  1.7

Action                   || total
-------------------------++-------
Melee: Mace              ||   127
       Punch             ||     2
 Stab: Sleeping          ||     4
Armor: Robe              ||    34
Dodge: Dodged            ||   101

Table legend: (Time is in decaauts)
 A = Elapsed time spent in this place.
 B = Non-inter-level travel time spent in this place.
 C = Inter-level travel time spent in this place.
 D = Time resting spent in this place.
 E = Time spent auto-exploring this place.
 F = Levels seen in this place.
 G = Mean time per level.
                   A        B        C        D        E       F      G
               +--------+--------+--------+--------+--------+-----+--------+
         Total |   1850 |   1832 |     18 |      0 |   1504 |   2 |  925.0 |
       Dungeon |   1850 |   1832 |     18 |      0 |   1504 |   2 |  925.0 |
               +--------+--------+--------+--------+--------+-----+--------+

Top non-repeatable levels by time:
     D:1: 1108 daAuts
     D:2: 741 daAuts
